 Dungeon Crawl Stone Soup version 0.25-a0-591-g2ad0d861f1 (webtiles) character file.

Game seed: 4972826771734329463, levelgen mode: deterministic

84 n0claF the Shield-Bearer (level 4, -10/35 HPs)
             Began as a Demonspawn Fighter on Mar 13, 2020.
             Mangled by a gnoll
             ... wielding a +0 flail
              (11 damage)
             ... on level 2 of the Dungeon.
             The game lasted 00:02:45 (1138 turns).

n0claF the Shield-Bearer (Demonspawn Fighter)       Turns: 1138, Time: 00:02:45

Health: -10/35     AC:  6    Str: 18    XL:     4   Next: 24%
Magic:  4/4        EV:  9    Int:  9    God:
Gold:   69         SH:  9    Dex: 12    Spells: 3/3 levels left

rFire    . . .     SeeInvis .   a - +0 war axe
rCold    . . .     Gourm    .   c - +0 kite shield
rNeg     . . .     Faith    .   b - +0 scale mail
rPois    .         Spirit   .   (no helmet)
rElec    .         Reflect  .   (no cloak)
rCorr    .         Harm     .   (no gloves)
MR       .....                  (no boots)
Stlth    ..........             (no amulet)
HPRegen  0.11/turn              (no ring)
MPRegen  0.09/turn              (no ring)

@: no status effects
A: repulsion field 1, powered by death 1
a: no special abilities


You were on level 2 of the Dungeon.
You were not hungry.

You visited 1 branch of the dungeon, and saw 2 of its levels.

You collected 69 gold pieces.

Inventory:

Hand Weapons
 a - a +0 war axe (weapon)
Armour
 b - a +0 scale mail (worn)
 c - a +0 kite shield (worn)
Scrolls
 f - a scroll of immolation {unknown}
 g - 2 scrolls of fog {unknown}
 h - a scroll of magic mapping {unknown}
 k - 2 scrolls of remove curse {unknown}
Potions
 d - a potion of might
 i - 2 potions of mutation {unknown}
 l - 2 potions of flight {unknown}
Comestibles
 e - 3 rations {!d}
 j - a chunk of flesh


   Skills:
 - Level 3.0 Fighting
 * Level 3.0 Axes
 + Level 3.1 Armour
 + Level 1.3 Dodging
 + Level 3.1 Shields


You had 3 spell levels left.
You didn't know any spells.
Your spell library was empty.

Dungeon Overview and Level Annotations

Branches:
Dungeon (2/15)

Altars:


Innate Abilities, Weirdness & Mutations

You are surrounded by a mild repulsion field. (EV +2)
You regenerate a little health from kills.


Message History

Found a leather armour.
Items here: ) [ †† a +0 flail; a +0 scale mail; a rat corpse; a goblin corpse You see here a rat corpse.
You butcher the rat corpse.
j - a chunk of flesh You see here a rat skeleton. x2
You closely miss the gnoll. You block the gnoll's attack.
You hit the gnoll. You block the gnoll's attack.
You hit the gnoll. x2; You block the gnoll's attack.
The gnoll barely misses you.
A gnoll comes into view.
The gnoll shouts!
You slash the gnoll!
You kill the gnoll!
Your Axes skill increases to level 3!
Your shield prevents you from hitting the gnoll.
The gnoll hits you with a +0 flail. You block the gnoll's attack.
You hit the gnoll. The gnoll barely misses you.
You hit the gnoll but do no damage. You hit the gnoll.
The gnoll closely misses you. The gnoll barely misses you.
Your shield prevents you from hitting the gnoll.
You closely miss the gnoll. You block the gnoll's attack.
The gnoll hits you with a +0 flail! The gnoll hits you.
You closely miss the gnoll. x2; The gnoll barely misses you.
The gnoll hits you but does no damage. The gnoll hits you with a +0 flail.
* * * LOW HITPOINT WARNING * * *
You are too injured to fight recklessly!
Your shield prevents you from hitting the gnoll.
You hit the gnoll. The gnoll hits you!
* * * LOW HITPOINT WARNING * * *
You block the gnoll's attack. x2
You hit the gnoll. You hit the gnoll but do no damage.
The gnoll completely misses you. The gnoll barely misses you.
You barely miss the gnoll.
Your shield and scale mail prevent you from hitting the gnoll.
The gnoll hits you.
* * * LOW HITPOINT WARNING * * *
You block the gnoll's attack.
You barely miss the gnoll. You closely miss the gnoll.
You block the gnoll's attack. The gnoll barely misses you. The gnoll hits you.
* * * LOW HITPOINT WARNING * * *
You closely miss the gnoll. You hit the gnoll. You block the gnoll's attack.
The gnoll barely misses you. x2
Unknown command.
You completely miss the gnoll. You hit the gnoll but do no damage.
The gnoll hits you.
* * * LOW HITPOINT WARNING * * *
The gnoll hits you with a +0 flail!
You die...

#.###.##.....
#.##..##.....
#####.#..####....
#####.......######...
.................##..
..........###...# ..
###......[##.###
##÷>.........
#@).....##.##
#gg........#
#..%......#..#
...g..............
....###........###
.... .##...#.## ...
#. ..#.#.# .. #. ....
# .[ #####


You could see 2 gnolls.

Vanquished Creatures
  Terence (D:2)
  A gnoll (D:2)
  An ooze (D:1)
  4 dart slugs (D:1)
  A leopard gecko (D:2)
  4 giant cockroaches
  4 goblins
  4 hobgoblins (D:1)
  4 kobolds (D:1)
  4 bats
  5 frilled lizards
  6 rats
39 creatures vanquished.

Notes
Turn   | Place    | Note
-------+----------+-------------------------------------------
     0 | D:1      | n0claF the Demonspawn Fighter began the quest for the Orb.
     0 | D:1      | Reached XP level 1. HP: 18/18 MP: 1/1
   120 | D:1      | Gained mutation: You are surrounded by a mild repulsion
                  | field. (EV +2) [demonic ancestry]
   120 | D:1      | Reached XP level 2. HP: 24/24 MP: 2/2
   207 | D:1      | Gained mutation: You regenerate a little health from kills.
                  | [demonic ancestry]
   207 | D:1      | Reached XP level 3. HP: 14/29 MP: 3/3
   621 | D:1      | Reached skill level 1 in Dodging
   919 | D:2      | Noticed Terence
   933 | D:2      | Killed Terence
   933 | D:2      | Reached XP level 4. HP: 7/35 MP: 4/4
  1138 | D:2      | HP: 1/35 [gnoll (4)]
  1138 | D:2      | Mangled by a gnoll

Levels and vault maps discovered:
D:1:      dpeg_arrival_prison, layout_basic, serial_curves, eino_curves_03,
          eino_curves_02, minmay_small_reverse_x
D:2:      layout_rooms, marbit_many_paths, lemuel_coloured_pillars_altar,
          minmay_pentomino_q4, uniq_jessica, uniq_sigmund, uniq_terence

Skill      XL: |  1  2  3  4 |
---------------+-------------+-----
Axes           | 2 3 |  3.0
Shields        | 3 |  3.1
Armour         | 3 |  3.1
Dodging        | 1 |  1.3
Fighting       | |  3.0

Action                   |  1- 3 |  4- 6 || total
-------------------------+-------+-------++-------
Melee: War axe           |    95 |    21 ||   116
  Eat: Chunk             |       |     1 ||     1
Armor: Scale mail        |    39 |     6 ||    45
Dodge: Dodged            |    38 |    15 ||    53
Block: Kite shield       |    46 |    11 ||    57

Table legend:
 A = Non-vault XP
 B = Vault XP
 C = Vault XP percentage of total XP
 D = Non-vault monster count
 E = Vault monster count
 F = Vault count percentage of total count
                 A         B        C        D         E       F
            +---------+---------+-------+---------+---------+-------
      Total |      74 |      47 |  38.8 |      31 |       8 |  20.5
            +---------+---------+-------+---------+---------+-------
        D:1 |      42 |      15 |  26.3 |      20 |       7 |  25.9
        D:2 |      32 |      32 |  50.0 |      11 |       1 |   8.3
            +---------+---------+-------+---------+---------+-------
